 Dungeon Crawl Stone Soup version 0.28.0-47-ge53b351184 (webtiles) character file.

Game seed: 3424360876124397836

74 Eitelfritz the Slasher (level 4, -4/33 HPs)
             Began as a Demonspawn Gladiator on Apr 28, 2022.
             Slain by a kobold brigand
             ... wielding a +0 short sword
              (8 damage)
             ... in a sewer.
             The game lasted 00:03:41 (1704 turns).

Eitelfritz the Slasher (Demonspawn Gladiator)       Turns: 1704, Time: 00:03:42

Health: -4/33      AC:  4    Str: 16    XL:     4   Next: 9%
Magic:  5/5        EV: 12    Int:  9    God:
Gold:   58         SH:  0    Dex: 15    Spells: 3/4 levels left

rFire   . . .      SeeInvis .   a - +0 long sword
rCold   . . .      Faith    .   (no shield)
rNeg    . . .      Spirit   .   b - +0 leather armour
rPois   .          Reflect  .   c - +0 helmet
rElec   .          Harm     .   (no cloak)
rCorr   .          Rampage  .   (no gloves)
Will    .....                   (no boots)
Stlth   +.........              (no amulet)
HPRegen 0.11/turn               (no ring)
MPRegen 0.09/turn               (no ring)

@: mighty
A: powered by pain 1, spiny 1, weakness stinger 1
a: no special abilities


You were in a sewer.
You visited 1 branch of the dungeon, and saw 3 of its levels.
You also visited: Sewer.

You collected 58 gold pieces.

Inventory:

Hand Weapons
 a - a +0 long sword (weapon)
Missiles
 d - 3 throwing nets (quivered)
Armour
 b - a +0 leather armour (worn)
 c - a +0 helmet (worn)
 k - a +0 scale mail
Scrolls
 f - 2 scrolls of noise {unknown}
 l - a scroll of identify {unknown}
Potions
 e - a potion of resistance {unknown}
 g - a potion of mutation {unknown}
 h - a potion of lignification {unknown}
 i - a potion of might {unknown}
 j - a potion of heal wounds {unknown}
 m - a potion of degeneration {unknown}


   Skills:
 + Level 2.1 Fighting
 + Level 3.7 Long Blades
 + Level 1.9 Throwing
 + Level 0.7 Armour
 + Level 3.0 Dodging
 + Level 0.3 Stealth
 + Level 0.8 Spellcasting
 + Level 0.5 Necromancy


You had 3 spell levels left.
You knew the following spells:

 Your Spells              Type           Power      Damage    Failure   Level
a - Animate Skeleton      Necr           2%         N/A       36%         1

Your spell library contained the following spells:

 Spells                   Type           Power      Damage    Failure   Level
 Pain                     Necr           4%         1d4       36%         1
 Vampiric Draining        Necr           1%         2d6       73%         3


Dungeon Overview and Level Annotations

Branches:
Dungeon (3/15)              Sewer (1/1)

Altars:

Shops:
D:1 *


Innate Abilities, Weirdness & Mutations

You sometimes gain a little power by taking damage.
You are partially covered in sharp spines.
You have a small tail.


Message History

The poisoned dart barely misses your kobold skeleton.
The poisoned dart hits you!
You are poisoned.
You feel very sick.
You feel sick.
You feel sick.
You feel sick.
You feel sick.
You feel sick.
You feel sick.
Your kobold skeleton crumbles into dust!
You feel sick.
You are no longer poisoned.
You barely miss the kobold brigand.
The kobold brigand hits you with a +0 short sword!
You closely miss the kobold brigand.
The kobold brigand splashes around in the water.
The kobold brigand is struck by your spines.
The kobold brigand barely misses you.
Okay, then.
Unknown command.
You closely miss the kobold brigand.
The kobold brigand is lightly wounded.
The kobold brigand hits you with a +0 short sword.
You miss the kobold brigand.
The kobold brigand is lightly wounded.
The kobold brigand hits you with a +0 short sword.
You barely miss the kobold brigand.
The kobold brigand is lightly wounded.
The kobold brigand hits you with a +0 short sword!
* * * LOW HITPOINT WARNING * * *
You focus on the pain.
You feel very mighty all of a sudden.
You slash the kobold brigand!
The kobold brigand is severely wounded.
The kobold brigand barely misses you.
You closely miss the kobold brigand.
The kobold brigand is severely wounded.
The kobold brigand hits you with a +0 short sword!
You die...

###≈.≈∩.####≈....#
##...## ##...##
##≈## ##### #≈#
#≈# ##≈## .
##.≈.##
≈≈.≈#####)...≈#
..≈.≈≈≈≈K@...≈#
.≈≈.#####..≈.≈# .
##...## #####


You could see a kobold brigand.

Vanquished Creatures
  3 adders
  2 worms
  2 dart slugs
  2 endoplasms
  6 giant cockroaches
  3 goblins (D:1)
  2 quokkas
  4 ball pythons
  A bat (D:1)
  3 frilled lizards
  8 kobolds
  2 rats
38 creatures vanquished.

Vanquished Creatures (others)
  A plant (D:1)
1 creature vanquished.

Grand Total: 39 creatures vanquished

Notes
Turn   | Place    | Note
-------+----------+-------------------------------------------
     0 | D:1      | Eitelfritz the Demonspawn Gladiator began the quest for the
                  | Orb.
     0 | D:1      | Reached XP level 1. HP: 16/16 MP: 1/1
   174 | D:1      | Gained mutation: You are partially covered in sharp spines.
                  | [demonic ancestry]
   174 | D:1      | Reached XP level 2. HP: 19/22 MP: 2/2
   176 | D:1      | Learned a level 1 spell: Animate Skeleton
   423 | D:1      | Found Hazxul's Assorted Antiques.
  1014 | D:2      | Gained mutation: You sometimes gain a little power by
                  | taking damage. [demonic ancestry]
  1014 | D:2      | Reached XP level 3. HP: 27/27 MP: 3/3
  1489 | D:3      | Found a glowing drain.
  1511 | Sewer    | Entered a sewer
  1649 | Sewer    | Discovered your monstrous ancestry.
  1649 | Sewer    | Gained mutation: You have a small tail. [demonic ancestry]
  1649 | Sewer    | Reached XP level 4. HP: 29/33 MP: 5/5
  1684 | Sewer    | Noticed a kobold brigand
  1704 | Sewer    | Slain by a kobold brigand

Illustrated notes

Levels and vault maps discovered:
D:1:      minmay_arrival_glassed_features, layout_basic, serial_shops, shop,
          serial_bayou_crossing
D:2:      layout_loops_ring
D:3:      layout_basic, gup_sewer_entry_glass
Sewer:    sewer_co_15_rooms

Skill      XL: |  1  2 |
---------------+-------+-----
Long Blades    | 3 |  3.7
Dodging        | 3 |  3.0
Fighting       | |  2.1
Throwing       | |  1.9
Armour         | |  0.7
Stealth        | |  0.3
Spellcasting   | |  0.8
Necromancy     | |  0.5

Action                   |  1- 3 |  4- 6 || total
-------------------------+-------+-------++-------
Melee: Long sword        |    73 |     9 ||    82
       Punch             |     1 |       ||     1
       Tailslap          |       |     1 ||     1
 Cast: Animate Skeleton  |     6 |     1 ||     7
 Stab: Sleeping          |     1 |       ||     1
Armor: Leather armour    |    14 |       ||    14
Dodge: Dodged            |    40 |     4 ||    44
